 Dungeon Crawl Stone Soup version 0.20.1-1-g8b1a95d66d (webtiles) character file.

134 Peloso the Covered (level 5, -10/36 HPs)
             Began as a Halfling Fighter on Dec 8, 2017.
             Killed by nerve-wracking pain
             ... invoked by an orc priest
              (12 damage)
             ... on level 3 of the Dungeon.
             The game lasted 00:05:17 (2201 turns).

Peloso the Covered (Halfling Fighter)               Turns: 2201, Time: 00:05:18

Health: -10/36     AC: 11    Str: 18    XL:     5   Next: 40%
Magic:  5/5        EV:  5    Int:  6    God:
Gold:   119        SH: 10    Dex: 14    Spells: 4/4 levels left

rFire    + . .     SeeInvis +   a - +0 long sword
rCold    x . .     Gourm    .   c - +0 shield
rNeg     . . .     Faith    .   b - +0 plate armour
rPois    .         Spirit   .   (no helmet)
rElec    .         Reflect  .   (no cloak)
rCorr    .         Harm     .   (no gloves)
MR       .....                  (no boots)
Stlth    ..........             (no amulet)
Regen    0.2/turn               e - ring of see invisible
MPRegen  0.1/turn               g - ring of fire

@: no status effects
A: mutation resistance 1
a: no special abilities


You were on level 3 of the Dungeon.
You were hungry.

You visited 1 branch of the dungeon, and saw 3 of its levels.

You collected 119 gold pieces.

Inventory:

Hand Weapons
 a - a +0 long sword (weapon)
Armour
 b - a +0 plate armour (worn)
 c - a +0 shield (worn)
Jewellery
 e - a ring of see invisible (left hand)
 g - a ring of fire (right hand)
Wands
 o - a wand of lightning (7/15)
Scrolls
 h - a scroll of enchant armour {unknown}
 i - 4 scrolls of identify {unknown}
Potions
 d - a potion of might
 k - a potion of curing {unknown}
 l - a potion of degeneration {unknown}
 n - a potion of lignification {unknown}
Comestibles
 f - 2 bread rations
 j - a meat ration
 m - a chunk of flesh


   Skills:
 + Level 3.4 Fighting
 + Level 3.0 Long Blades
 + Level 4.3 Armour
 + Level 4.1 Shields


You had 4 spell levels left.
You didn't know any spells.

Dungeon Overview and Level Annotations

Branches:
Dungeon (3/15)

Altars:


Innate Abilities, Weirdness & Mutations

You are small and have problems with some larger weapons.
You are somewhat resistant to further mutation.


Message History

You hit the orc priest.
The orc priest is heavily wounded.
The orc priest hits you but does no damage.
You hit the orc priest.
The orc priest is almost dead.
The orc priest calls down the wrath of Beogh upon you.
Pain shoots through your body! The orc priest completely misses you.
Your plate armour prevents you from hitting the orc priest.
The orc priest is almost dead.
The orc priest invokes the aid of Beogh against you.
Pain shoots through your body!
* * * LOW HITPOINT WARNING * * *
You hit the orc priest.
The orc priest is almost dead.
You block the orc priest's attack.
You closely miss the orc priest.
The orc priest is almost dead.
The orc priest mumbles some strange prayers to Beogh against you.
Pain shoots through your body!
You die...

#...#####.o### .......
#.#.# ##..o###.....#
#.#.## ###...†.....#
.[#..## #####.##.##...
)#.#o#.# #.....##.# .
#.#.#o#.###.###.......
. #.#.##.##.# #....##.
#. #.#.##.##.# #....#
+.o@....# #......
#.##.#### ###..##.
#.##.# ..# #.#.## ...
#.#. #..# #.# #.


You could see an orc priest.

Vanquished Creatures
  3 gnolls (D:2)
  3 adders (D:2)
  2 oozes
  3 dart slugs
  2 leopard geckos
  3 orcs (D:3)
  2 bats
  5 giant cockroaches
  5 goblins
  3 hobgoblins
  7 jackals
  2 quokkas
  A ball python (D:3)
  4 frilled lizards
  7 kobolds
  8 rats
60 creatures vanquished.

Notes
Turn   | Place    | Note
-------+----------+-------------------------------------------
     0 | D:1      | Peloso the Halfling Fighter began the quest for the Orb.
     0 | D:1      | Reached XP level 1. HP: 15/15 MP: 1/1
    45 | D:1      | Reached XP level 2. HP: 21/21 MP: 2/2
   261 | D:1      | Reached XP level 3. HP: 26/26 MP: 3/3
  1031 | D:2      | Reached XP level 4. HP: 30/31 MP: 4/4
  1565 | D:2      | Reached XP level 5. HP: 21/36 MP: 5/5
  2199 | D:3      | HP: 1/36 [orc priest/nerve-wracking pain (11)]
  2201 | D:3      | Killed from afar by an orc priest

Skill      XL: |  1  2  3  4  5 |
---------------+----------------+-----
Fighting       | 3 |  3.4
Armour         | 4 |  4.3
Shields        | 4 |  4.1
Long Blades    | 3 |  3.0

Action                   |  1- 3 |  4- 6 || total
-------------------------+-------+-------++-------
Melee: Long sword        |   111 |   137 ||   248
  Eat: Chunk             |     1 |     3 ||     4
Armor: Scale mail        |    12 |       ||    12
       Plate armour      |    90 |    51 ||   141
Dodge: Dodged            |    40 |    23 ||    63
Block: Shield            |    64 |    70 ||   134
       Rpst.: Long sword |    13 |     9 ||    22
